 Dungeon Crawl Stone Soup version 0.31.0-9-g3a7656b989 (webtiles) character file.

Game seed: 5233959678243056231

11 mdonais the Sneak (level 2, 0/25 HPs)
             Began as a Formicid Delver on Jan 25, 2024.
             Slain by a hound (2 damage)
             ... on level 4 of the Dungeon.
             The game lasted 00:02:45 (425 turns).

mdonais the Sneak (Formicid Delver)                  Turns: 425, Time: 00:02:46

Health: 0/25       AC:  3    Str: 16    XL:     2   Next: 40%
Magic:  2/2        EV: 14    Int:  9    God:
Gold:   0          SH:  0    Dex: 15    Spells: 1/1 levels left

rFire   . . .        a - +0 mace
rCold   . . .        (no shield)
rNeg    . . .        b - +0 leather armour
rPois   .            (helmet unavailable)
rElec   .            (no cloak)
rCorr   .            (no gloves)
SInv    +            (no boots)
Will    .....        (no amulet)
Stlth   +++          i - +5 ring of evasion
HPRegen 0.24/turn    (no ring)
MPRegen 0.08/turn

%: no passive effects
@: weak-willed, constricted
A: permanent stasis, dig shafts and tunnels, antennae 3, four strong arms
a: Dig, Shaft Self


You were on level 4 of the Dungeon.
You visited 1 branch of the dungeon, and saw 2 of its levels.

Inventory:

Hand Weapons
 a - a +0 mace (weapon)
Armour
 b - a +0 leather armour (worn)
Jewellery
 i - a +5 ring of evasion (left hand)
   (You found it on level 5 of the Dungeon)
Wands
 D - a wand of digging (3)
Scrolls
 c - a scroll of fog
 d - a scroll of revelation


   Skills:
 + Level 3.7 Fighting
 + Level 2.4 Maces & Flails
 - Level 1.7 Dodging
 - Level 6.0 Stealth


You had one spell level left.
You didn't know any spells.
Your spell library contained the following spells:

 Spells                   Type           Power      Damage    Failure   Level
 Static Discharge         Conj/Air       0%         3-3/arc   58%         2
 Airstrike                Air            0%         2d(0-16)  99%         4
 Summon Lightning Spire   Summ/Air       0%         N/A       99%         4


Dungeon Overview and Level Annotations

Branches:
Dungeon (5/15) Zot: 11566
 Temple: D:4-7

Altars:

Annotations:
D:5 1 transporter, exclusion: sensed monster (detected), tdog's ghost, novice SpBr


Innate Abilities, Weirdness & Mutations

You cannot be hasted, slowed, berserked, paralysed or teleported.
You can dig through walls and to a lower floor.
You have a pair of large antennae on your head. (SInv)
Your four strong arms can wield two-handed weapons with a shield.


Message History

MP restored: 2 You start resting.
You feel sick. x3
You are no longer poisoned.
You take 2 damage, and have 10/24 hp.
You start resting.
HP restored.
Health restored: 24
Found a kite shield and a flux talisman.
A giant cockroach comes into view.
The giant cockroach moves out of view.
A hound comes into view.
The hound barks!
Okay, then.
The hound barely misses you.
You barely miss the hound.
The hound bites you but does no damage. x2
You completely miss the hound. The hound bites you.
You take 3 damage, and have 21/24 hp.
You hit the hound.
The hound is lightly wounded.
The hound completely misses you. The hound bites you.
You take 1 damage, and have 20/24 hp.
You hit the hound.
The hound is moderately wounded.
The hound closely misses you. The hound bites you.
You take 3 damage, and have 17/24 hp.
You closely miss the hound.
The hound is moderately wounded.
The hound bites you. The hound barely misses you.
You take 3 damage, and have 14/24 hp.
You hit the hound.
The hound is heavily wounded.
The hound closely misses you. The hound bites you.
You take 2 damage, and have 12/24 hp.
You hit the hound but do no damage.
The hound is heavily wounded.
The hound misses you. x2
You barely miss the hound.
The hound is heavily wounded.
The hound bites you. The hound bites you but does no damage.
You closely miss the hound.
The hound is heavily wounded.
The hound bites you but does no damage. The hound barely misses you.
You miss the hound.
The hound is heavily wounded.
The hound bites you.
* * * LOW HITPOINT WARNING * * *
The hound bites you.
* * * LOW HITPOINT WARNING * * *
You take 7 damage, and have 5/24 hp.
MASSIVE DAMAGE!!
As you read the scroll of fear, it crumbles to dust.
You assume a fearsome visage.
The hound looks frightened!
Unknown command.
There is a stone staircase leading down here.
You climb downwards.
Level annotation: 1 transporter, exclusion: sensed monster (detected), tdog's ghost, novice SpBr
There is a stone staircase leading up here.
You start resting.
HP restored.
Health restored: 24 You climb upwards.
The dart slug launches a dart at you. The slug dart misses you.
There is a stone staircase leading down here.
The dart slug launches a dart at you. The slug dart hits you.
You take 3 damage, and have 21/24 hp.
The dart slug launches a dart at you. The slug dart misses you.
The ball python barely misses you. The ball python closely misses you.
You closely miss the ball python. The ball python bites you.
The ball python closely misses you.
You take 2 damage, and have 21/24 hp.
You hit the dart slug.
The dart slug is heavily wounded.
The ball python barely misses you. The ball python grabs you.
The ball python constricts you. The ball python misses you.
The ball python constricts you. The dart slug launches a dart at you.
The slug dart hits you.
You take 3 damage, and have 18/24 hp.
You aren't carrying any potions.
As you read the scroll labelled ERIHIGG GYPAMO, it crumbles to dust.
A wave of despondency washes over your surroundings.
It was a scroll of vulnerability.
The hound completely misses you. The ball python misses you.
The ball python constricts you. The hound completely misses you.
The dart slug barely misses you.
As you read the scroll labelled DUQ DAHUENN, it crumbles to dust.
You hear a loud clanging noise!
It was a scroll of noise.
You hear a shout! x4
The ball python bites you but does no damage.
The ball python constricts you. The hound barely misses you.
As you read the scroll labelled VABRETHU TOGA, it crumbles to dust.
It is a scroll of identify.
You don't currently have any unidentified items.
The ball python bites you. The ball python constricts you.
The hound closely misses you. The dart slug launches a dart at you.
The slug dart hits you. The ball python misses you.
The ball python constricts you. The hound barely misses you.
You take 6 damage, and have 12/24 hp.
MASSIVE DAMAGE!!
You sock the dart slug!
You kill the dart slug!
The hound closely misses you. The ball python closely misses you.
The ball python constricts you.
You hit the hound.
The hound is lightly wounded.
The hound misses you. The ball python barely misses you.
The ball python constricts you. The hound bites you.
An orc comes into view. It is wielding a +0 club.
An orc wizard comes into view. It is wielding a +1 dagger of draining.
The ball python barely misses you. The ball python constricts you.
You take 4 damage, and have 9/25 hp.
You barely miss the hound.
The hound is lightly wounded.
The hound closely misses you. The hound bites you.
* * * LOW HITPOINT WARNING * * *
The ball python closely misses you. The ball python constricts you.
You take 4 damage, and have 5/25 hp.
You barely miss the hound.
The hound is lightly wounded.
The hound barely misses you.
The ball python bites you but does no damage.
The ball python constricts you. The hound barely misses you.
The ball python barely misses you. The ball python constricts you.
* * * LOW HITPOINT WARNING * * *
You take 1 damage, and have 4/25 hp.
You aren't carrying any potions.
The orc shouts!
You hit the hound but do no damage.
The hound is lightly wounded.
The hound misses you. The ball python completely misses you.
The ball python constricts you. The hound bites you.
* * * LOW HITPOINT WARNING * * *
The orc throws a boomerang.
The boomerang hits you but does no damage.
You take 2 damage, and have 2/25 hp.
You barely miss the hound.
The hound is lightly wounded.
The hound misses you. The ball python barely misses you.
The ball python constricts you.
* * * LOW HITPOINT WARNING * * *
An orc wizard comes into view. It is wielding a +0 dagger.
The hound barely misses you. The ball python completely misses you.
The ball python constricts you.
You hit the hound.
The hound is moderately wounded.
The hound completely misses you. The ball python barely misses you.
The ball python constricts you. The hound bites you.
You die...

##..........
#..$........
#...>.......
#...........
#(....>...o.
#...........
#.....o.....
####.h†.......
#....S@o..##..
##..####### ..
##.# #.### ####
#...##.....
########......{.
##.....#.........
##................
#.................


You could see a hound (weak-willed), 2 orc wizards, an orc and a ball python
(weak-willed).

Vanquished Creatures
  An adder (D:4)
  A dart slug (D:4)
2 creatures vanquished.

Notes
Turn   | Place    | Note
-------+----------+-------------------------------------------
     0 | D:5      | mdonais the Formicid Delver began the quest for the Orb.
     0 | D:5      | Reached XP level 1. HP: 18/18 MP: 1/1
   130 | D:5      | Found a transporter.
   131 | D:5      | Noticed a jelly
   132 | D:5      | Noticed a centaur
   133 | D:5      | Noticed tdog's ghost (novice SpBr)
   236 | D:4      | Reached XP level 2. HP: 12/24 MP: 2/2
   425 | D:4      | Slain by a hound

Illustrated notes

Levels and vault maps discovered:
D:4:      layout_rooms
D:5:      kennysheep_six_static_rooms, layout_loops_ring, gammafunk_ghost_arena,
          nicolae_stop_n_shop_1

Action                     || total
---------------------------++-------
  Melee: Mace              ||    26
    Use: Potion            ||     1
         Scroll            ||     4
 Armour: Leather armour    ||    30
  Dodge: Dodged            ||    46
